 Dungeon Crawl Stone Soup version 0.31-a0-819-gf6de2f5ab6 (webtiles) character file.

Game seed: 11827598575615198285

95 Kurtz the Chopper (level 4, 0/31 HPs)
             Began as an Octopode Fighter on Sept 25, 2023.
             Slain by a cerulean imp
             ... wielding a +0 spear
             ... summoned by Natasha
              (6 damage)
             ... on level 2 of the Dungeon.
             The game lasted 00:00:56 (1625 turns).

Kurtz the Chopper (Octopode Fighter)                Turns: 1625, Time: 00:00:57

Health: 0/31       AC:  1    Str: 15    XL:     4   Next: 65%
Magic:  4/4        EV: 10    Int: 10    God:
Gold:   77         SH:  4    Dex: 13    Spells: 3/3 levels left

rFire   . . .        a - +0 war axe
rCold   . . .        b - +0 buckler
rNeg    . . .        (helmet restricted)
rPois   .            (no amulet)
rElec   .            (no ring)
rCorr   .            (no ring)
SInv    .            (no ring)
Will    .....        (no ring)
Stlth   ++           (no ring)
HPRegen 0.25/turn    (no ring)
MPRegen 0.09/turn    (no ring)
                     (no ring)

%: no passive effects
@: slowed, constricted, very slow
A: almost no armour, amphibious, 8 rings, camouflage 1, gelatinous body 1,
(nimble swimmer 1), tentacles
a: no special abilities


You were on level 2 of the Dungeon.
You visited 1 branch of the dungeon, and saw 2 of its levels.

You collected 77 gold pieces.

Inventory:

Hand Weapons
 a - a +0 war axe (weapon)
Missiles
 e - 4 silver javelins
Armour
 b - a +0 buckler (worn)
Scrolls
 f - a scroll of fear {unknown}
 g - a scroll of enchant armour {unknown}
 h - a scroll of blinking {unknown}
 k - a scroll of identify {unknown}
Potions
 c - a potion of might
 d - a potion of curing {unknown}
 i - a potion of brilliance {unknown}
 j - a potion of mutation {unknown}


   Skills:
 - Level 3.0 Fighting
 * Level 4.7 Axes
 - Level 3.0 Dodging
 - Level 3.0 Shields


You had 3 spell levels left.
You didn't know any spells.
Your spell library contained the following spells:

 Spells                   Type           Power      Damage    Failure   Level
 Slow                     Hex            0%         N/A       45%         1
 Confusing Touch          Hex            0%         N/A       83%         3
 Sigil of Binding         Hex            0%         N/A       83%         3
 Vampiric Draining        Necr           0%         2d6       83%         3


Dungeon Overview and Level Annotations

Branches:
Dungeon (2/15)

Altars:

Annotations:
D:2 Natasha


Innate Abilities, Weirdness & Mutations

You cannot wear most types of armour.
You are amphibious.
You can wear up to eight rings at the same time.
Your skin changes colour to match your surroundings (Stealth+).
Your rubbery body absorbs attacks. (AC +1, EV +1)
((You are camouflaged when in or above water. (Stealth+)))
You have tentacles for arms and can constrict up to eight enemies at once.


Message History

Natasha claws you.
The ball python skeleton bites the withered plant.
The ball python skeleton constricts the withered plant.
The ball python zombie bites you. The ball python zombie misses you.
The quokka simulacrum bites the withered plant.
The withered plant begins to crumble.
The quokka simulacrum freezes the withered plant.
You hit Natasha. Your grab misses Natasha.
Natasha is moderately wounded.
You hit the withered plant. You barely miss the ball python zombie.
The withered plant crumbles away.
The ball python skeleton loses its grip on the withered plant.
The cerulean imp misses you. Natasha claws you but does no damage.
The quokka simulacrum bites the withered plant.
The quokka simulacrum freezes the withered plant.
You block the ball python zombie's attack.
The ball python zombie grabs you. The ball python zombie constricts you.
The cerulean imp hits you from afar with a +0 spear.
Natasha claws you!
* * * LOW HITPOINT WARNING * * *
The ball python skeleton bites the withered plant.
The ball python skeleton grabs the withered plant.
The ball python skeleton constricts the withered plant.
The ball python skeleton bites you.
* * * LOW HITPOINT WARNING * * *
The ball python zombie closely misses you.
The ball python zombie constricts you.
* * * LOW HITPOINT WARNING * * *
You are too injured to fight recklessly!
You barely miss Natasha. You grab Natasha. Your squeeze misses Natasha.
Natasha is moderately wounded.
You hit the ball python skeleton. You hit the ball python zombie.
You constrict Natasha. The cerulean imp closely misses you.
Natasha casts a spell.
The ball python zombie misses you. The ball python zombie constricts you.
* * * LOW HITPOINT WARNING * * *
The ball python skeleton loses its grip on the withered plant.
You block the ball python skeleton's attack.
The cerulean imp hits you from afar with a +0 spear.
You die...

#
##.###.#####
#
##.........
# ##.######
## #...♣♣
.## ##..P♣♣
#.## #♣...♣
##.# ♣...♣
##.# ♣...♣
##.# ♣.@Z♣
#.## ♣♣ZhZ♣
.## ♣.5Z5..
## ♣♣P.....♣
# P..)8:♣ #


PP...PP # ♣P♣PP♣♣ # ♣♣♣♣♣ # ##########.# You could see Natasha, 2 cerulean imps,
a quokka simulacrum, a ball python zombie and 2 ball python skeletons.

Vanquished Creatures
  Robin (D:2)
  4 adders (D:2)
  A worm (D:2)
  4 bats
  A bat skeleton (D:2)
  5 endoplasms
  A giant cockroach (D:2)
  9 goblins
  4 hobgoblins (D:2)
  4 ball pythons
  A ball python skeleton (D:2)
  2 frilled lizards (D:1)
  4 kobolds
  4 rats
45 creatures vanquished.

Notes
Turn   | Place    | Note
-------+----------+-------------------------------------------
     0 | D:1      | Kurtz the Octopode Fighter began the quest for the Orb.
     0 | D:1      | Reached XP level 1. HP: 16/16 MP: 1/1
   200 | D:1      | Reached XP level 2. HP: 21/21 MP: 2/2
   558 | D:1      | Reached skill level 3 in Axes
   735 | D:2      | Noticed Robin
   816 | D:2      | Reached XP level 3. HP: 24/26 MP: 3/3
   833 | D:2      | Killed Robin
   901 | D:2      | Reached skill level 4 in Axes
   902 | D:2      | Reached XP level 4. HP: 22/31 MP: 4/4
  1613 | D:2      | Noticed Natasha
  1625 | D:2      | Slain by a cerulean imp

Illustrated notes

Levels and vault maps discovered:
D:1:      matt_arrival_diagonals, layout_loops_ring, minmay_splitting_lines,
          st_stairs_12
D:2:      minmay_wonky_spiral, layout_loops_ring, dilly_guarded_unrand_morg,
          uniq_robin

Skill      XL: |  1  2  3 |
---------------+----------+-----
Axes           | 3 4 |  4.7
Fighting       | |  3.0
Dodging        | |  3.0
Shields        | |  3.0

Action                     |  1- 3 |  4- 6 || total
---------------------------+-------+-------++-------
  Melee: War axe           |    46 |    31 ||    77
         Tentacles         |     9 |     5 ||    14
         Constrict         |     9 |     6 ||    15
   Stab: Sleeping          |     6 |     3 ||     9
 Armour: Skin              |    20 |    20 ||    40
  Dodge: Dodged            |    30 |    26 ||    56
  Block: Buckler           |    13 |     8 ||    21

Table legend: (Time is in decaauts)
 A = Elapsed time spent in this place.
 B = Non-inter-level travel time spent in this place.
 C = Inter-level travel time spent in this place.
 D = Time resting spent in this place.
 E = Time spent auto-exploring this place.
 F = Levels seen in this place.
 G = Mean time per level.
                   A        B        C        D        E       F      G
               +--------+--------+--------+--------+--------+-----+--------+
         Total |   1656 |   1548 |    108 |    109 |   1182 |   2 |  828.0 |
       Dungeon |   1656 |   1548 |    108 |    109 |   1182 |   2 |  828.0 |
               +--------+--------+--------+--------+--------+-----+--------+

Top non-repeatable levels by time:
     D:2: 864 daAuts
     D:1: 791 daAuts
